Admirals NSH vs Rivermen

Created - Sunday, October 26, 2014 at 01:07

Goals
1 2 3 T
Admirals NSH 3 0 0 3
Rivermen 1 0 0 1
Shots
1 2 3 T
Admirals NSH 9 4 10 23
Rivermen 21 9 6 36

1st period

1. Rivermen , Ryan Reaves 3 (Brian Gibbons, Jeremy Morin) at 7:32
2. Admirals NSH , Brody Sutter 2 (Jamie Tardif, Frazer McLaren) at 12:42
3. Admirals NSH , Corey Tropp 2 (Pierre-Cedric Labrie, Wade Megan) at 12:50
4. Admirals NSH , Jamie Tardif 4 (Brody Sutter) at 14:16 (PP)

Penalties :
Cody Goloubef (Peo) for High sticking (Minor) at 14:14, Frazer McLaren (MIL) for Hooking (Minor) at 16:11

2nd period

No Goal

Penalties :
Blair Jones (Peo) for Holding (Minor) at 0:43

3rd period

No Goal

Penalties :
Pierre-Cedric Labrie (MIL) for Roughing (Minor) at 9:57, Fredrik Claesson (MIL) for Hooking (Minor) at 18:19

Goalie Stats

Jeremy Smith (MIL), 35 saves from 36 shots - (0.972), W, 2-0-0, 60:00 minutes
Jared Coreau (Peo), 20 saves from 23 shots - (0.870), L, 0-2-0, 60:00 minutes

Players Stats for Admirals NSH

Player Name              G  A  P  +/- PIM S  H  SB GA TA FO     MP     PP MP  PK MP  
------------------------------------------------------------------------------------
Adam Cracknell           0  0  0   0  0   2  2  0  1  0  5/8    19:26   0:43   1:38 
Alexey Marchenko         0  0  0   1  0   4  0  1  1  1  0/0    23:20   1:06   2:03 
Brody Sutter             1  1  2   1  0   1  2  1  1  2  4/6    17:21   1:18   0:18 
Cameron Schilling        0  0  0   0  0   1  3  0  0  0  0/0    15:38   0:00   0:56 
Corey Tropp              1  0  1   0  0   7  1  0  4  0  0/6    21:14   0:43   2:53 
Frazer McLaren           0  1  1   1  2   2  2  1  3  0  1/2    17:42   1:18   1:10 
Frederic St. Denis       0  0  0   0  0   0  1  0  0  0  0/0     4:47   0:00   0:00 
Fredrik Claesson         0  0  0   1  2   0  1  2  0  3  0/0    23:37   0:55   2:39 
Jamie Tardif             1  1  2   1  0   3  2  0  1  0  0/0    17:33   1:18   0:00 
Jyrki Jokipakka          0  0  0   0  0   0  0  3  0  3  0/0    26:28   0:55   3:35 
Lane MacDermid           0  0  0   0  0   0  1  0  0  0  0/0     2:58   0:00   0:00 
Marcel Noebels           0  0  0   0  0   0  3  0  0  1  1/1    16:09   0:00   1:42 
Matt Halischuk           0  0  0   0  0   0  1  0  0  1  0/0    11:57   0:00   0:00 
Nikita Nesterov          0  0  0   0  0   0  1  0  0  0  0/0     3:07   0:00   0:00 
Patrick Mullen           0  0  0   0  0   0  0  0  0  1  0/0    25:16   1:06   2:03 
Pierre-Cedric Labrie     0  1  1   0  2   0  0  0  2  2  0/1    19:31   0:43   2:36 
Wade Megan               0  1  1   0  0   0  0  0  0  0  3/8    15:07   0:00   0:00 
Zach Hamill              0  0  0   0  0   3  2  0  1  0  1/2    13:08   0:00   0:59 

Players Stats for Rivermen

Player Name              G  A  P  +/- PIM S  H  SB GA TA FO     MP     PP MP  PK MP  
------------------------------------------------------------------------------------
Anton Belov              0  0  0  -1  0   5  5  0  2  1  0/0    24:12   3:15   1:10 
Blair Jones              0  0  0  -1  2   1  0  0  0  0  4/11   16:10   2:57   0:02 
Brian Gibbons            0  1  1   0  0   1  2  0  2  0  3/6    18:14   2:41   1:14 
Brian O'Neill            0  0  0   0  0   1  0  0  1  0  1/1    11:05   0:00   1:00 
Chris Brown              0  0  0   0  0   8  2  1  1  0  0/0    15:03   0:00   0:25 
Cody Goloubef            0  0  0   1  2   0  0  0  1  0  0/0    16:28   0:00   0:00 
J.T. Brown               0  0  0  -1  0   0  1  0  4  0  1/2    20:29   2:46   1:21 
Jeremy Morin             0  1  1   0  0   5  2  0  6  0  1/1    17:43   2:41   0:00 
Joakim Nordstrom         0  0  0   0  0   0  0  0  3  1  0/0    16:02   0:00   0:00 
Joe Piskula              0  0  0   1  0   2  0  0  1  2  0/0    16:29   0:00   0:00 
John Lee                 0  0  0  -1  0   0  0  0  0  1  0/0     6:16   0:00   0:00 
Mark Stone               0  0  0  -1  0   3  1  1  2  0  0/1    17:04   2:57   0:00 
Maxime Fortunus          0  0  0  -1  0   1  0  1  0  0  0/0    19:09   2:23   0:51 
Nathan Longpre           0  0  0   0  0   0  0  0  0  0  2/3     9:43   0:00   0:00 
Rob Davison              0  0  0  -1  0   2  1  0  0  1  0/0    19:09   2:23   0:51 
Ryan Reaves              1  0  1   0  0   3  5  1  1  0  1/1    17:43   2:41   0:00 
Ryan Sproul              0  0  0   0  0   4  0  1  1  1  0/0    19:57   3:15   1:10 
Zack Phillips            0  0  0   0  0   0  0  0  1  0  6/8    17:01   0:11   0:00 

3 Stars

1 - Jeremy Smith (MIL)
2 - Brody Sutter (MIL)
3 - Jamie Tardif (MIL)

Power Play

Admirals NSH - 1 on 2 Attempt(s) - 50.00%
Rivermen - 0 on 3 Attempt(s) - 0.00%

Penalty Kill

Admirals NSH - 3 on 3 Attempt(s) - 100.00% - Score 0 goal in Penalty Kill
Rivermen - 1 on 2 Attempt(s) - 50.00% - Score 0 goal in Penalty Kill

Official

Referees : Unknown
Linesman : Unknown

Game Notes

No Game Note

Finance

Level 1 -- Attendance: 1618 (80.90%) -- Ticket Income $45,304
Level 2 -- Attendance: 803 (80.30%) -- Ticket Income $8,030
Total Attendance: 2421 (80.70%)
Total Ticket Income: $53,334
Other Income: $26,134
Total Income: $79,468

Admirals NSH

5 vs 5 Forward 
   Center                   Left Wing                Right Wing               Time % Phy DF OF 
 1 Adam Cracknell           Matt Halischuk           Corey Tropp              28     1   2  2  
 2 Brody Sutter             Frazer McLaren           Jamie Tardif             28     1   2  2  
 3 Wade Megan               Pierre-Cedric Labrie     Corey Tropp              28     1   2  2  
 4 Zach Hamill              Marcel Noebels           Adam Cracknell           16     1   2  2  

5 vs 5 Defense 
   Defense                  Defense                                           Time % Phy DF OF 
 1 Fredrik Claesson         Jyrki Jokipakka                                   35     1   2  2  
 2 Patrick Mullen           Alexey Marchenko                                  30     1   2  2  
 3 Jyrki Jokipakka          Cameron Schilling                                 22     1   2  2  
 4 Patrick Mullen           Fredrik Claesson                                  13     1   2  2  

PowerPlay Forward 
   Center                   Left Wing                Right Wing               Time % Phy DF OF 
 1 Adam Cracknell           Pierre-Cedric Labrie     Corey Tropp              60     1   2  2  
 2 Brody Sutter             Frazer McLaren           Jamie Tardif             40     1   2  2  

PowerPlay Defense
   Defense                  Defense                                           Time % Phy DF OF 
 1 Fredrik Claesson         Jyrki Jokipakka                                   60     1   2  2  
 2 Patrick Mullen           Alexey Marchenko                                  40     1   2  2  

Penalty Kill 4 Players Forward 
   Center                   Wing                     Time % Phy DF OF 
 1 Corey Tropp              Pierre-Cedric Labrie     60     1   2  2  
 2 Adam Cracknell           Brody Sutter             40     1   2  2  

Penalty Kill 4 Players Defense
   Defense                  Defense                  Time % Phy DF OF 
 1 Fredrik Claesson         Jyrki Jokipakka          60     1   2  2  
 2 Patrick Mullen           Alexey Marchenko         40     1   2  2  

Penalty Kill - 3 Players Forward 
   Forward                                           Time % Phy DF OF 
 1 Brody Sutter                                      60     1   2  2  
 2 Adam Cracknell                                    40     1   2  2  

Penalty Kill - 3 Players Defense
   Defense                  Defense                  Time % Phy DF OF 
 1 Fredrik Claesson         Jyrki Jokipakka          60     1   2  2  
 2 Patrick Mullen           Alexey Marchenko         40     1   2  2  

4 vs 4 Forward 
   Center                   Wing                     Time % Phy DF OF 
 1 Corey Tropp              Frazer McLaren           60     1   2  2  
 2 Adam Cracknell           Brody Sutter             40     1   2  2  

4 vs 4 Defense
   Defense                  Defense                  Time % Phy DF OF 
 1 Fredrik Claesson         Jyrki Jokipakka          60     1   2  2  
 2 Patrick Mullen           Alexey Marchenko         40     1   2  2  

Last Minutes Offensive
   Center                   Left Wing                Right Wing               Defense                  Defense                  
   Adam Cracknell           Matt Halischuk           Corey Tropp              Fredrik Claesson         Jyrki Jokipakka          

Last Minutes Defensive
   Center                   Left Wing                Right Wing               Defense                  Defense                  
   Adam Cracknell           Matt Halischuk           Corey Tropp              Fredrik Claesson         Jyrki Jokipakka          

Goaltenders
Starting : Jeremy Smith             
Backup : Johan Gustafsson         

Extra Forwards
Normal : Pierre-Cedric Labrie, Wade Megan, Marcel Noebels - PP : Pierre-Cedric Labrie, Wade Megan - PK : Marcel Noebels
Extra Defensemen
Normal : Fredrik Claesson, Cameron Schilling, Jyrki Jokipakka - PP : Fredrik Claesson - PK : Cameron Schilling, Jyrki Jokipakka
Penalty Shots
Matt Halischuk, Wade Megan, Adam Cracknell, Brody Sutter, Frazer McLaren

Rivermen

5 vs 5 Forward 
   Center                   Left Wing                Right Wing               Time % Phy DF OF 
 1 Blair Jones              J.T. Brown               Mark Stone               35     1   2  2  
 2 Brian Gibbons            Jeremy Morin             Ryan Reaves              30     1   2  2  
 3 Zack Phillips            Chris Brown              Joakim Nordstrom         22     1   2  2  
 4 Nathan Longpre           J.T. Brown               Brian O'Neill            13     1   2  2  

5 vs 5 Defense 
   Defense                  Defense                                           Time % Phy DF OF 
 1 Anton Belov              Ryan Sproul                                       35     1   2  2  
 2 Rob Davison              Maxime Fortunus                                   30     1   2  2  
 3 Cody Goloubef            Joe Piskula                                       22     1   2  2  
 4 John Lee                 Anton Belov                                       13     1   2  2  

PowerPlay Forward 
   Center                   Left Wing                Right Wing               Time % Phy DF OF 
 1 Blair Jones              J.T. Brown               Mark Stone               60     1   2  2  
 2 Brian Gibbons            Jeremy Morin             Ryan Reaves              40     1   2  2  

PowerPlay Defense
   Defense                  Defense                                           Time % Phy DF OF 
 1 Anton Belov              Ryan Sproul                                       60     1   2  2  
 2 Rob Davison              Maxime Fortunus                                   40     1   2  2  

Penalty Kill 4 Players Forward 
   Center                   Wing                     Time % Phy DF OF 
 1 J.T. Brown               Blair Jones              60     1   2  2  
 2 Mark Stone               Ryan Reaves              40     1   2  2  

Penalty Kill 4 Players Defense
   Defense                  Defense                  Time % Phy DF OF 
 1 Anton Belov              Ryan Sproul              60     1   2  2  
 2 Rob Davison              Maxime Fortunus          40     1   2  2  

Penalty Kill - 3 Players Forward 
   Forward                                           Time % Phy DF OF 
 1 J.T. Brown                                        60     1   2  2  
 2 Blair Jones                                       40     1   2  2  

Penalty Kill - 3 Players Defense
   Defense                  Defense                  Time % Phy DF OF 
 1 Anton Belov              Ryan Sproul              60     1   2  2  
 2 Rob Davison              Maxime Fortunus          40     1   2  2  

4 vs 4 Forward 
   Center                   Wing                     Time % Phy DF OF 
 1 J.T. Brown               Blair Jones              60     1   2  2  
 2 Mark Stone               Ryan Reaves              40     1   2  2  

4 vs 4 Defense
   Defense                  Defense                  Time % Phy DF OF 
 1 Anton Belov              Ryan Sproul              60     1   2  2  
 2 Rob Davison              Maxime Fortunus          40     1   2  2  

Last Minutes Offensive
   Center                   Left Wing                Right Wing               Defense                  Defense                  
   Blair Jones              J.T. Brown               Mark Stone               Anton Belov              Ryan Sproul              

Last Minutes Defensive
   Center                   Left Wing                Right Wing               Defense                  Defense                  
   Blair Jones              J.T. Brown               Mark Stone               Anton Belov              Ryan Sproul              

Goaltenders
Starting : Jared Coreau             
Backup : Tyler Bunz               

Extra Forwards
Normal : Zack Phillips, Joakim Nordstrom, Brian O'Neill - PP : Zack Phillips, Joakim Nordstrom - PK : Brian O'Neill
Extra Defensemen
Normal : Cody Goloubef, Joe Piskula, John Lee - PP : Cody Goloubef - PK : Joe Piskula, John Lee
Penalty Shots
J.T. Brown, Blair Jones, Mark Stone, Ryan Reaves, Brian Gibbons

% Time on Ice - Admirals NSH

Lines # - Real PCT - Wanted PCT - Time Play
Normal Forward
1 - 23% - 28% - 11:54
2 - 31% - 28% - 16:18
3 - 26% - 28% - 13:22
4 - 21% - 16% - 10:47
Normal Defense
1 - 33% - 35% - 17:01
2 - 29% - 30% - 15:21
3 - 25% - 22% - 12:55
4 - 13% - 13% - 7:04
PP Forward
1 - 36% - 60% - 0:43
2 - 64% - 40% - 1:18
PP Defense
1 - 45% - 60% - 0:55
2 - 55% - 40% - 1:06
PK Forward
1 - 95% - 60% - 5:20
2 - 5% - 40% - 0:18
PK Defense
1 - 64% - 60% - 3:35
2 - 36% - 40% - 2:03
PK3 Forward
1 - 0% - 60%
2 - 0% - 40%
PK3 Defense
1 - 0% - 60%
2 - 0% - 40%
44 Forward
1 - 0% - 60%
2 - 0% - 40%
44 Defense
1 - 0% - 60%
2 - 0% - 40%
Last Minute Offensive  - 0:00
Last Minute Defensive  - 0:00
Total
Forward - 60:00
Defense - 60:00

% Time on Ice - Rivermen

Lines # - Real PCT - Wanted PCT - Time Play
Normal Forward
1 - 25% - 35% - 13:13
2 - 31% - 30% - 15:59
3 - 27% - 22% - 14:13
4 - 17% - 13% - 8:56
Normal Defense
1 - 26% - 35% - 13:51
2 - 30% - 30% - 15:55
3 - 31% - 22% - 16:29
4 - 12% - 13% - 6:06
PP Forward
1 - 52% - 60% - 2:57
2 - 48% - 40% - 2:41
PP Defense
1 - 58% - 60% - 3:15
2 - 42% - 40% - 2:23
PK Forward
1 - 100% - 60% - 2:01
2 - 0% - 40% - 0:00
PK Defense
1 - 58% - 60% - 1:10
2 - 42% - 40% - 0:51
PK3 Forward
1 - 0% - 60%
2 - 0% - 40%
PK3 Defense
1 - 0% - 60%
2 - 0% - 40%
44 Forward
1 - 0% - 60%
2 - 0% - 40%
44 Defense
1 - 0% - 60%
2 - 0% - 40%
Last Minute Offensive  - 0:00
Last Minute Defensive  - 0:00
Total
Forward - 60:00
Defense - 60:00

Play by Play

1st period


0:01 of 1st period - Adam Cracknell wins face-off versus Blair Jones in neutral zone.
0:17 of 1st period - Wrist shot by Adam Cracknell.
0:17 of 1st period - Shot Blocked by Ryan Sproul.
0:19 of 1st period - Snap shot by Corey Tropp.
0:19 of 1st period - Stopped by Jared Coreau with a rebound.
0:37 of 1st period - Wrist shot by J.T. Brown.
0:37 of 1st period - Shot Misses the Net.
0:58 of 1st period - Rob Davison is hit by Jamie Tardif and loses puck.
1:05 of 1st period - Slapshot by Brody Sutter.
1:05 of 1st period - Shot Blocked by Maxime Fortunus.
1:07 of 1st period - Wrist shot by Alexey Marchenko.
1:07 of 1st period - Stopped by Jared Coreau with a rebound.
1:35 of 1st period - Slapshot by Alexey Marchenko.
1:35 of 1st period - Stopped by Jared Coreau with a rebound.
1:37 of 1st period - Slapshot by Alexey Marchenko.
1:37 of 1st period - Stopped by Jared Coreau with a rebound.
1:39 of 1st period - Slapshot by Patrick Mullen.
1:39 of 1st period - Deflect By Pierre-Cedric Labrie.
1:39 of 1st period - Shot Misses the Net.
1:39 of 1st period - Puck is out of play.
1:40 of 1st period - Zack Phillips wins face-off versus Wade Megan in Rivermen zone.
1:57 of 1st period - Snap shot by Chris Brown.
1:57 of 1st period - Stopped by Jeremy Smith with a rebound.
3:11 of 1st period - Snap shot by Jeremy Morin.
3:11 of 1st period - Stopped by Jeremy Smith with a rebound.
3:13 of 1st period - Wrist shot by Anton Belov.
3:13 of 1st period - Stopped by Jeremy Smith with a rebound.
3:15 of 1st period - Slapshot by Anton Belov.
3:15 of 1st period - Stopped by Jeremy Smith with a rebound.
5:05 of 1st period - Nathan Longpre is hit by Brody Sutter and loses puck.
5:32 of 1st period - Snap shot by Rob Davison.
5:32 of 1st period - Shot Blocked by Alexey Marchenko.
5:34 of 1st period - Wrist shot by Blair Jones.
5:34 of 1st period - Deflect By Mark Stone.
5:34 of 1st period - Stopped by Jeremy Smith with a rebound.
5:36 of 1st period - Slapshot by Rob Davison.
5:36 of 1st period - Stopped by Jeremy Smith without a rebound.
5:37 of 1st period - Adam Cracknell wins face-off versus Brian Gibbons in Admirals NSH zone.
5:37 of 1st period - Adam Cracknell is hit by Jeremy Morin.
6:20 of 1st period - Joakim Nordstrom is hit by Cameron Schilling and loses puck.
6:43 of 1st period - J.T. Brown is hit by Matt Halischuk and loses puck.
7:32 of 1st period - Slapshot by Ryan Reaves.
7:32 of 1st period - Goal by Ryan Reaves - Admirals NSH : 0 - Rivermen : 1.
7:33 of 1st period - Zack Phillips wins face-off versus Frazer McLaren in neutral zone.
7:36 of 1st period - Patrick Mullen is hit by Chris Brown.
8:07 of 1st period - Off-side.
8:08 of 1st period - Adam Cracknell wins face-off versus Brian Gibbons in neutral zone.
8:30 of 1st period - Icing by Jeremy Morin.
8:31 of 1st period - Brian Gibbons wins face-off versus Wade Megan in Rivermen zone.
9:07 of 1st period - Off-side.
9:08 of 1st period - Brody Sutter wins face-off versus Blair Jones in neutral zone.
10:03 of 1st period - Joakim Nordstrom is hit by Marcel Noebels and loses puck.
10:31 of 1st period - Snap shot by Chris Brown.
10:31 of 1st period - Stopped by Jeremy Smith with a rebound.
10:53 of 1st period - Pierre-Cedric Labrie is hit by Jeremy Morin and loses puck.
11:04 of 1st period - Snap shot by Jeremy Morin.
11:04 of 1st period - Shot Misses the Net.
11:06 of 1st period - Wrist shot by Ryan Reaves.
11:06 of 1st period - Stopped by Jeremy Smith with a rebound.
11:08 of 1st period - Snap shot by Brian Gibbons.
11:08 of 1st period - Stopped by Jeremy Smith with a rebound.
12:30 of 1st period - Brody Sutter is hit by Ryan Reaves.
12:36 of 1st period - Wrist shot by Frazer McLaren.
12:36 of 1st period - Shot Misses the Net.
12:38 of 1st period - Slapshot by Frazer McLaren.
12:38 of 1st period - Stopped by Jared Coreau with a rebound.
12:40 of 1st period - Backhand shot by Jamie Tardif.
12:40 of 1st period - Shot Misses the Net.
12:42 of 1st period - Wrist shot by Brody Sutter.
12:42 of 1st period - Goal by Brody Sutter - Admirals NSH : 1 - Rivermen : 1.
12:43 of 1st period - Wade Megan wins face-off versus Mark Stone in neutral zone.
12:50 of 1st period - Snap shot by Corey Tropp.
12:50 of 1st period - Goal by Corey Tropp - Admirals NSH : 2 - Rivermen : 1.
12:51 of 1st period - Zack Phillips wins face-off versus Corey Tropp in neutral zone.
13:37 of 1st period - Pierre-Cedric Labrie is hit by Ryan Reaves and loses puck.
14:14 of 1st period - Minor Penalty to Cody Goloubef for High sticking.
14:15 of 1st period - Brody Sutter wins face-off versus J.T. Brown in Rivermen zone.
14:16 of 1st period - Slapshot by Jamie Tardif.
14:16 of 1st period - Goal by Jamie Tardif - Admirals NSH : 3 - Rivermen : 1.
14:17 of 1st period - Brody Sutter wins face-off versus Blair Jones in neutral zone.
14:53 of 1st period - Anton Belov is hit by Jamie Tardif and loses puck.
15:10 of 1st period - Fredrik Claesson is hit by Ryan Reaves and loses puck.
15:27 of 1st period - Wrist shot by Jeremy Morin.
15:27 of 1st period - Stopped by Jeremy Smith with a rebound.
15:29 of 1st period - Slapshot by Rob Davison.
15:29 of 1st period - Stopped by Jeremy Smith with a rebound.
15:31 of 1st period - Slapshot by Maxime Fortunus.
15:31 of 1st period - Shot Misses the Net.
15:33 of 1st period - Snap shot by Maxime Fortunus.
15:33 of 1st period - Stopped by Jeremy Smith without a rebound.
15:34 of 1st period - Zack Phillips wins face-off versus Adam Cracknell in Admirals NSH zone.
15:51 of 1st period - Slapshot by Adam Cracknell.
15:51 of 1st period - Stopped by Jared Coreau without a rebound.
15:52 of 1st period - Zack Phillips wins face-off versus Adam Cracknell in Rivermen zone.
16:03 of 1st period - Wrist shot by Chris Brown.
16:03 of 1st period - Stopped by Jeremy Smith without a rebound.
16:04 of 1st period - Blair Jones wins face-off versus Brody Sutter in Admirals NSH zone.
16:09 of 1st period - Slapshot by J.T. Brown.
16:09 of 1st period - Shot Misses the Net.
16:11 of 1st period - Minor Penalty to Frazer McLaren for Hooking.
16:12 of 1st period - Blair Jones wins face-off versus Corey Tropp in Admirals NSH zone.
16:21 of 1st period - Slapshot by Mark Stone.
16:21 of 1st period - Stopped by Jeremy Smith with a rebound.
16:28 of 1st period - Snap shot by Blair Jones.
16:28 of 1st period - Stopped by Jeremy Smith without a rebound.
16:29 of 1st period - Blair Jones wins face-off versus Corey Tropp in Admirals NSH zone.
16:42 of 1st period - Snap shot by Mark Stone.
16:42 of 1st period - Shot Blocked by Jyrki Jokipakka.
16:44 of 1st period - Slapshot by Ryan Sproul.
16:44 of 1st period - Shot Blocked by Fredrik Claesson.
16:46 of 1st period - Slapshot by Anton Belov.
16:46 of 1st period - Stopped by Jeremy Smith without a rebound.
16:47 of 1st period - Brian Gibbons wins face-off versus Corey Tropp in Admirals NSH zone.
16:50 of 1st period - Slapshot by Brian Gibbons.
16:50 of 1st period - Shot Misses the Net.
16:52 of 1st period - Slapshot by Ryan Sproul.
16:52 of 1st period - Deflect By Corey Tropp.
16:52 of 1st period - Stopped by Jeremy Smith with a rebound.
16:54 of 1st period - Slapshot by Ryan Sproul.
16:54 of 1st period - Shot Misses the Net.
17:04 of 1st period - Slapshot by Anton Belov.
17:04 of 1st period - Shot Misses the Net.
17:14 of 1st period - Snap shot by Jeremy Morin.
17:14 of 1st period - Shot Misses the Net.
17:16 of 1st period - Backhand shot by Ryan Sproul.
17:16 of 1st period - Stopped by Jeremy Smith with a rebound.
17:18 of 1st period - Slapshot by Jeremy Morin.
17:18 of 1st period - Stopped by Jeremy Smith with a rebound.
17:20 of 1st period - Wrist shot by Jeremy Morin.
17:20 of 1st period - Shot Misses the Net.
17:22 of 1st period - Slapshot by Anton Belov.
17:22 of 1st period - Stopped by Jeremy Smith with a rebound.
17:24 of 1st period - Wrist shot by Brian Gibbons.
17:24 of 1st period - Deflect By Jeremy Morin.
17:24 of 1st period - Shot Misses the Net.
17:24 of 1st period - Puck is out of play.
17:25 of 1st period - Marcel Noebels wins face-off versus Blair Jones in Admirals NSH zone.
18:11 of 1st period - Penalty to Frazer McLaren is over, Frazer McLaren is back on ice.
18:21 of 1st period - Alexey Marchenko is hit by Brian Gibbons and loses puck.
19:37 of 1st period - Anton Belov is hit by Adam Cracknell and loses puck.
Goals for this period are 3 for Admirals NSH vs 1 for Rivermen.
Shots for this period are 9 for Admirals NSH vs 21 for Rivermen.

2nd period


0:01 of 2nd period - Blair Jones wins face-off versus Adam Cracknell in neutral zone.
0:11 of 2nd period - Snap shot by Corey Tropp.
0:11 of 2nd period - Stopped by Jared Coreau with a rebound.
0:43 of 2nd period - Minor Penalty to Blair Jones for Holding.
0:44 of 2nd period - J.T. Brown wins face-off versus Brody Sutter in Rivermen zone.
1:48 of 2nd period - Anton Belov is hit by Corey Tropp and loses puck.
2:27 of 2nd period - Anton Belov is hit by Brody Sutter and loses puck.
2:43 of 2nd period - Penalty to Blair Jones is over, Blair Jones is back on ice.
4:19 of 2nd period - Brian O'Neill is hit by Marcel Noebels and loses puck.
4:30 of 2nd period - Fredrik Claesson is hit by Rob Davison and loses puck.
5:21 of 2nd period - Brian O'Neill is hit by Adam Cracknell and loses puck.
6:10 of 2nd period - Wrist shot by Chris Brown.
6:10 of 2nd period - Stopped by Jeremy Smith with a rebound.
6:12 of 2nd period - Snap shot by Chris Brown.
6:12 of 2nd period - Stopped by Jeremy Smith with a rebound.
6:28 of 2nd period - Patrick Mullen is hit by Anton Belov and loses puck.
7:13 of 2nd period - Joakim Nordstrom is hit by Fredrik Claesson.
7:17 of 2nd period - Wrist shot by Chris Brown.
7:17 of 2nd period - Stopped by Jeremy Smith with a rebound.
7:27 of 2nd period - Joakim Nordstrom is hit by Zach Hamill and loses puck.
8:15 of 2nd period - Snap shot by Adam Cracknell.
8:15 of 2nd period - Stopped by Jared Coreau with a rebound.
8:33 of 2nd period - Zack Phillips is hit by Frederic St. Denis and loses puck.
9:08 of 2nd period - Brian O'Neill is hit by Cameron Schilling and loses puck.
11:31 of 2nd period - Slapshot by Pierre-Cedric Labrie.
11:31 of 2nd period - Shot Misses the Net.
11:51 of 2nd period - Frederic St. Denis is hit by Anton Belov.
12:15 of 2nd period - Slapshot by Zach Hamill.
12:15 of 2nd period - Stopped by Jared Coreau with a rebound.
13:10 of 2nd period - Slapshot by Mark Stone.
13:10 of 2nd period - Stopped by Jeremy Smith with a rebound.
13:12 of 2nd period - Slapshot by Rob Davison.
13:12 of 2nd period - Shot Misses the Net.
13:30 of 2nd period - Slapshot by Anton Belov.
13:30 of 2nd period - Deflect By Wade Megan.
13:30 of 2nd period - Stopped by Jeremy Smith with a rebound.
13:32 of 2nd period - Wrist shot by Jeremy Morin.
13:32 of 2nd period - Deflect By Ryan Reaves.
13:32 of 2nd period - Stopped by Jeremy Smith with a rebound.
13:34 of 2nd period - Slapshot by Ryan Sproul.
13:34 of 2nd period - Deflect By Jeremy Morin.
13:34 of 2nd period - Stopped by Jeremy Smith with a rebound.
13:36 of 2nd period - Backhand shot by Anton Belov.
13:36 of 2nd period - Shot Misses the Net.
13:38 of 2nd period - Wrist shot by Jeremy Morin.
13:38 of 2nd period - Stopped by Jeremy Smith with a rebound.
13:40 of 2nd period - Snap shot by Ryan Sproul.
13:40 of 2nd period - Stopped by Jeremy Smith with a rebound.
13:50 of 2nd period - Alexey Marchenko is hit by Mark Stone.
14:04 of 2nd period - Zach Hamill is hit by Anton Belov and loses puck.
14:15 of 2nd period - Jeremy Morin is hit by Zach Hamill and loses puck.
14:40 of 2nd period - Wrist shot by Joakim Nordstrom.
14:40 of 2nd period - Shot Misses the Net.
17:52 of 2nd period - J.T. Brown is hit by Nikita Nesterov and loses puck.
18:36 of 2nd period - Cody Goloubef is hit by Lane MacDermid and loses puck.
19:11 of 2nd period - Snap shot by Corey Tropp.
19:11 of 2nd period - Stopped by Jared Coreau with a rebound.
19:50 of 2nd period - Slapshot by Patrick Mullen.
19:50 of 2nd period - Shot Hit the Post.
Goals for this period are 0 for Admirals NSH vs 0 for Rivermen.
Shots for this period are 4 for Admirals NSH vs 9 for Rivermen.

3rd period


0:01 of 3rd period - Adam Cracknell wins face-off versus Blair Jones in neutral zone.
0:08 of 3rd period - Snap shot by Matt Halischuk.
0:08 of 3rd period - Deflect By Corey Tropp.
0:08 of 3rd period - Shot Misses the Net.
0:08 of 3rd period - Puck is out of play.
0:09 of 3rd period - Adam Cracknell wins face-off versus Blair Jones in Rivermen zone.
0:10 of 3rd period - Snap shot by Matt Halischuk.
0:10 of 3rd period - Shot Misses the Net.
1:17 of 3rd period - Jyrki Jokipakka is hit by Ryan Reaves and loses puck.
1:32 of 3rd period - Wrist shot by Jamie Tardif.
1:32 of 3rd period - Stopped by Jared Coreau with a rebound.
2:39 of 3rd period - Wrist shot by J.T. Brown.
2:39 of 3rd period - Shot Blocked by Jyrki Jokipakka.
2:41 of 3rd period - Slapshot by Cody Goloubef.
2:41 of 3rd period - Shot Blocked by Frazer McLaren.
2:43 of 3rd period - Slapshot by Joe Piskula.
2:43 of 3rd period - Stopped by Jeremy Smith with a rebound.
2:45 of 3rd period - Slapshot by Cody Goloubef.
2:45 of 3rd period - Shot Blocked by Brody Sutter.
3:01 of 3rd period - Jamie Tardif is hit by J.T. Brown.
3:05 of 3rd period - Frazer McLaren is hit by Anton Belov and loses puck.
3:12 of 3rd period - Slapshot by Anton Belov.
3:12 of 3rd period - Shot Blocked by Fredrik Claesson.
3:48 of 3rd period - Snap shot by Corey Tropp.
3:48 of 3rd period - Stopped by Jared Coreau with a rebound.
3:56 of 3rd period - Snap shot by Corey Tropp.
3:56 of 3rd period - Stopped by Jared Coreau with a rebound.
4:09 of 3rd period - Snap shot by Zach Hamill.
4:09 of 3rd period - Shot Blocked by Chris Brown.
4:11 of 3rd period - Backhand shot by Zach Hamill.
4:11 of 3rd period - Stopped by Jared Coreau with a rebound.
4:13 of 3rd period - Backhand shot by Zach Hamill.
4:13 of 3rd period - Stopped by Jared Coreau without a rebound.
4:14 of 3rd period - Zach Hamill wins face-off versus Blair Jones in Rivermen zone.
4:17 of 3rd period - Slapshot by Adam Cracknell.
4:17 of 3rd period - Shot Blocked by Mark Stone.
4:19 of 3rd period - Wrist shot by Alexey Marchenko.
4:19 of 3rd period - Stopped by Jared Coreau with a rebound.
4:57 of 3rd period - Adam Cracknell is hit by Brian Gibbons and loses puck.
5:16 of 3rd period - Wrist shot by Brian O'Neill.
5:16 of 3rd period - Stopped by Jeremy Smith without a rebound.
5:17 of 3rd period - Brian O'Neill wins face-off versus Wade Megan in Admirals NSH zone.
5:20 of 3rd period - Slapshot by J.T. Brown.
5:20 of 3rd period - Shot Blocked by Jyrki Jokipakka.
5:38 of 3rd period - Wrist shot by Corey Tropp.
5:38 of 3rd period - Shot Misses the Net.
5:40 of 3rd period - Slapshot by Jyrki Jokipakka.
5:40 of 3rd period - Shot Misses the Net.
5:42 of 3rd period - Snap shot by Cameron Schilling.
5:42 of 3rd period - Stopped by Jared Coreau with a rebound.
5:44 of 3rd period - Wrist shot by Wade Megan.
5:44 of 3rd period - Deflect By Corey Tropp.
5:44 of 3rd period - Stopped by Jared Coreau with a rebound.
6:46 of 3rd period - Marcel Noebels is hit by Anton Belov and loses puck.
7:30 of 3rd period - Off-side.
7:31 of 3rd period - Zack Phillips wins face-off versus Pierre-Cedric Labrie in neutral zone.
8:38 of 3rd period - Snap shot by Brian Gibbons.
8:38 of 3rd period - Shot Misses the Net.
9:00 of 3rd period - Blair Jones is hit by Frazer McLaren and loses puck.
9:23 of 3rd period - Snap shot by Zach Hamill.
9:23 of 3rd period - Shot Misses the Net.
9:25 of 3rd period - Snap shot by Zach Hamill.
9:25 of 3rd period - Shot Misses the Net.
9:49 of 3rd period - Icing by J.T. Brown.
9:50 of 3rd period - Nathan Longpre wins face-off versus Wade Megan in Rivermen zone.
9:50 of 3rd period - Nathan Longpre is hit by Marcel Noebels.
9:57 of 3rd period - Minor Penalty to Pierre-Cedric Labrie for Roughing.
9:58 of 3rd period - Brian Gibbons wins face-off versus Corey Tropp in Admirals NSH zone.
11:19 of 3rd period - Frazer McLaren is hit by Ryan Reaves and loses puck.
11:57 of 3rd period - Penalty to Pierre-Cedric Labrie is over, Pierre-Cedric Labrie is back on ice.
12:01 of 3rd period - Snap shot by Jeremy Morin.
12:01 of 3rd period - Shot Misses the Net.
12:17 of 3rd period - Jyrki Jokipakka is hit by Chris Brown and loses puck.
12:22 of 3rd period - Slapshot by Chris Brown.
12:22 of 3rd period - Shot Misses the Net.
12:24 of 3rd period - Slapshot by Joe Piskula.
12:24 of 3rd period - Stopped by Jeremy Smith without a rebound.
12:25 of 3rd period - Brody Sutter wins face-off versus Zack Phillips in Admirals NSH zone.
12:46 of 3rd period - Snap shot by Joakim Nordstrom.
12:46 of 3rd period - Shot Misses the Net.
12:48 of 3rd period - Snap shot by Chris Brown.
12:48 of 3rd period - Stopped by Jeremy Smith without a rebound.
12:49 of 3rd period - Wade Megan wins face-off versus Nathan Longpre in Admirals NSH zone.
12:57 of 3rd period - Icing by Anton Belov.
12:58 of 3rd period - Nathan Longpre wins face-off versus Wade Megan in Rivermen zone.
13:37 of 3rd period - Snap shot by Chris Brown.
13:37 of 3rd period - Stopped by Jeremy Smith without a rebound.
13:38 of 3rd period - Frazer McLaren wins face-off versus Zack Phillips in Admirals NSH zone.
13:45 of 3rd period - Snap shot by Frazer McLaren.
13:45 of 3rd period - Stopped by Jared Coreau with a rebound.
15:53 of 3rd period - Slapshot by Corey Tropp.
15:53 of 3rd period - Shot Misses the Net.
16:10 of 3rd period - Off-side.
16:11 of 3rd period - Wade Megan wins face-off versus Brian Gibbons in neutral zone.
16:16 of 3rd period - Wrist shot by Matt Halischuk.
16:16 of 3rd period - Shot Blocked by Ryan Reaves.
16:54 of 3rd period - J.T. Brown is hit by Frazer McLaren and loses puck.
17:15 of 3rd period - Chris Brown is hit by Cameron Schilling and loses puck.
17:38 of 3rd period - Snap shot by Jamie Tardif.
17:38 of 3rd period - Stopped by Jared Coreau with a rebound.
18:19 of 3rd period - Minor Penalty to Fredrik Claesson for Hooking.
18:20 of 3rd period - Ryan Reaves wins face-off versus Corey Tropp in Admirals NSH zone.
18:54 of 3rd period - Wrist shot by Mark Stone.
18:54 of 3rd period - Shot Misses the Net.
18:56 of 3rd period - Slapshot by Ryan Sproul.
18:56 of 3rd period - Stopped by Jeremy Smith with a rebound.
19:19 of 3rd period - Icing by Jeremy Morin.
19:20 of 3rd period - Jeremy Morin wins face-off versus Zach Hamill in Rivermen zone.
Goals for this period are 0 for Admirals NSH vs 0 for Rivermen.
Shots for this period are 10 for Admirals NSH vs 6 for Rivermen.


Output by the SimonT Hockey Simulator (STHS) for Eric Dolegowski -- Original Page W3C XHTML 1.0 Valid
Hockey Simulator - Hockey Simulation - Hockey Manager